Map: Romanticide LE

Players

DPGrogue (Rogue) - Winner!

  • Race: Zerg Zerg

LiquidClem (Clem)

  • Race: Terran Terran

Event: ASUS ROG Fall 2021

VOD

Have the link to the VOD?

Description

Time

  • Played on: Sept. 19, 2021, 8:29 a.m.
  • Length: 16:05

All games in this series

Show
View Real Time Build Order
Export as new Build Order

DPGrogue Zerg - Winner!

Build Orders: Hatch First, Lurkers 

Get SALT Encoding   

  12  0:00  Drone  
  13  0:12  Overlord  
  13  0:17  Drone  
  14  0:31  Drone x2  
  16  0:48  Hatchery  
  15  0:51  Drone  
  15  0:55  Drone  
  17  0:57  Drone  
  18  1:09  Extractor  
  17  1:13  Spawning Pool  
  17  1:16  Drone  
  17  1:19  Drone  
  18  1:29  Drone  
  19  1:39  Drone  
  20  1:50  Drone  
  21  1:59  Queen x2  
  21  2:00  Zergling x4  
  27  2:10  Zergling x2  
  27  2:11  Overlord  
  28  2:23  Hatchery  
  28  2:24  Drone  
  29  2:30  Drone  
  29  2:36  Drone x2  
  31  2:39  Queen  
  33  2:44  Metabolic Boost  
  33  2:50  Overlord  
  33  2:53  Drone  
  34  2:58  Drone  
  34  2:59  Drone  
  37  3:12  Drone  
  37  3:13  Drone x4  
  37  3:16  Drone  
  37  3:18  Queen  
  44  3:36  Queen, Overlord  
  44  3:41  Queen  
  48  3:42  Zergling x4  
  48  3:47  Overlord  
  50  3:55  Drone x8  
  58  4:03  Overlord  
  58  4:05  Queen  
  60  4:11  Drone x3  
  60  4:12  Queen  
  60  4:14  Drone  
  66  4:17  Overlord  
  66  4:24  Drone x5  
  71  4:29  Drone x3  
  74  4:33  Extractor  
  74  4:36  Evolution Chamber  
  72  4:39  Drone, Evolution Chamber  
  72  4:40  Drone  
  72  4:41  Drone x3  
  72  4:44  Spore Crawler  
  72  4:51  Zergling x2  
  72  4:52  Zergling x8  
  71  4:59  Drone  
  74  5:00  Drone x4  
  74  5:05  Drone  
  75  5:08  Drone  
  75  5:12  Drone  
  75  5:13  Zerg Ground Armor Level 1  
  77  5:15  Extractor x2, Drone  
  76  5:26  Hatchery  
  76  5:28  Drone x6  
  77  5:33  Zerg Melee Weapons Level 1  
  77  5:35  Overlord  
  81  5:36  Overlord  
  81  5:40  Drone  
  81  5:42  Overlord  
  81  5:49  Overlord  
  81  5:51  Lair  
  81  5:52  Overlord  
  81  5:56  Drone  
  82  5:57  Drone x2  
  82  5:58  Drone  
  82  6:02  Zergling x6, Hatchery  
  82  6:03  Zergling x6  
  90  6:09  Zergling x2, Drone  
  90  6:10  Zergling x4, Baneling Nest  
  93  6:14  Burrow  
  93  6:19  Zergling x6  
  96  6:28  Zergling x8  
  96  6:31  Zergling x6  
  101  6:33  Zergling x2  
  101  6:39  Overlord  
  102  6:40  Zergling x2  
  103  6:49  Zergling x12  
  103  6:51  Hatchery  
  103  6:54  Overlord  
  108  6:55  Baneling, Centrifical Hooks  
  108  6:56  Baneling x6  
  102  7:09  Zergling x22  
  102  7:11  Drone  
  102  7:13  Zerg Ground Armor Level 2  
  108  7:16  Drone x2  
  108  7:18  Drone  
  108  7:21  Zergling x2  
  108  7:22  Zergling x2  
  113  7:27  Overlord  
  113  7:28  Zerg Melee Weapons Level 2  
  112  7:31  Drone x3  
  112  7:36  Baneling x3  
  112  7:37  Baneling x9  
  114  7:40  Queen x2  
  114  7:41  Zergling x2  
  114  7:42  Zergling x8  
  123  7:44  Overseer  
  123  7:52  Drone x7  
  121  7:59  Zergling x6  
  121  8:00  Zergling x4  
  122  8:08  Zergling x4  
  122  8:09  Zergling x4  
  117  8:13  Zergling x10  
  117  8:14  Zergling x2  
  120  8:23  Zergling x10  
  123  8:27  Infestation Pit, Hydralisk Den  
  123  8:28  Spore Crawler  
  123  8:29  Baneling x13  
  123  8:31  Zergling x2  
  123  8:33  Drone x5  
  123  8:34  Spore Crawler  
  125  8:35  Drone  
  125  8:37  Drone  
  127  8:45  Drone x4  
  127  8:48  Zergling x14  
  133  8:53  Overlord  
  137  8:56  Extractor  
  137  8:57  Extractor  
  137  8:59  Zergling x2  
  137  9:00  Zergling x8  
  137  9:02  Overlord x2  
  133  9:15  Zergling x14  
  133  9:16  Zergling x22  
  143  9:18  Drone x2  
  143  9:20  Drone  
  143  9:24  Zergling x2, Hive  
  144  9:26  Lurker Den  
  144  9:28  Drone x8  
  145  9:33  Zergling x8  
  145  9:37  Zergling x2  
  145  9:41  Zergling x16  
  153  9:46  Zergling x12  
  153  9:48  Drone  
  153  9:49  Zerg Missile Weapons Level 1, Grooved Spines  
  159  9:57  Baneling, Drone x3  
  162  10:10  Overlord x3  
  162  10:11  Overlord  
  162  10:17  Overlord  
  154  10:23  Hatchery  
  154  10:26  Hydralisk x7  
  154  10:27  Hydralisk x5  
  152  10:35  Drone  
  152  10:36  Drone x5  
  152  10:38  Zergling x2, Overseer  
  152  10:42  Zergling x14  
  164  10:44  Seismic Spines  
  164  10:48  Baneling  
  164  10:49  Baneling x2  
  164  10:52  Lurker  
  164  10:53  Lurker x3  
  164  10:54  Zergling x12  
  172  10:58  Zergling x4  
  172  10:59  Pneumatized Carapace  
  172  11:02  Zergling x2  
  172  11:03  Extractor, Zergling x6  
  175  11:04  Extractor  
  175  11:08  Zergling x6  
  175  11:09  Zergling x2  
  176  11:14  Zergling x10  
  176  11:16  Lurker x3  
  184  11:19  Zergling x2  
  182  11:28  Zergling x4  
  182  11:29  Zergling x10  
  182  11:31  Zergling x2  
  187  11:36  Zergling x2  
  173  11:40  Zergling x28  
  173  11:41  Adaptive Talons  
  173  11:44  Zergling x4  
  178  11:54  Zergling x18  
  181  11:55  Zerg Missile Weapons Level 2  
  181  11:56  Zerg Ground Armor Level 3  
  181  11:58  Baneling x8  
  181  12:00  Nydus Network  
  182  12:03  Drone x8  
  182  12:05  Zergling x16  
  182  12:07  Zergling x4  
  200  12:14  Hydralisk  
  200  12:15  Hydralisk x4  
  192  12:17  Zergling x4  
  192  12:20  Adrenal Glands  
  193  12:26  Overseer  
  189  12:33  Extractor  
  189  12:34  Extractor  
  189  12:35  Zergling x22  
  193  12:38  Overlord  
  193  12:39  Overseer  
  193  12:40  Baneling  
  193  12:41  Baneling x4  
  193  12:43  Overlord  
  193  12:47  Nydus Network  
  193  12:49  Muscular Augments  
  186  13:02  Zergling x2  
  186  13:03  Lurker x4  
  186  13:04  Zergling x16  
  199  13:07  Zergling x2  
  198  13:13  Zergling x2  
  198  13:18  Zergling x14, Hatchery  
  199  13:23  Zergling x4  
  199  13:30  Zergling x2  
  199  13:33  Hydralisk x4  
  199  13:34  Hydralisk x4  
  178  13:40  Zergling x2  
  174  13:41  Zergling x14  
  174  13:42  Zergling x6  
  174  13:48  Zergling x8  
  174  13:50  Zergling x2  
  174  13:54  Hydralisk  
  164  14:00  Hydralisk x5  
  173  14:04  Lurker  
  173  14:06  Lurker x8  
  173  14:08  Overlord x2  
  173  14:09  Zergling x2  
  168  14:17  Zergling x2  
  168  14:18  Zergling x14  
  168  14:23  Lurker  
  168  14:24  Drone x2  
  177  14:26  Drone x2  
  180  14:32  Lurker  
  180  14:33  Lurker x4  
  180  14:34  Overlord  
  182  14:45  Baneling  
  179  14:48  Drone x4  
  183  15:03  Nydus Canal, Overseer  
  183  15:06  Zergling x2  
  184  15:07  Zergling x12, Baneling x2  
  184  15:08  Baneling x10  
  184  15:09  Zergling x2  
  184  15:11  Hydralisk  
  184  15:12  Hydralisk x5  
  184  15:13  Zergling x2  
  200  15:19  Nydus Canal  
  197  15:32  Overseer  
  197  15:35  Hydralisk x11  
  181  15:37  Zergling x4  
  181  15:40  Nydus Canal  
  181  15:41  Overseer  
  181  15:42  Zergling x6  
  200  15:47  Zergling x12  
  200  15:48  Hatchery  
Show
View Real Time Build Order
Export as new Build Order

LiquidClem Terran 

Build Orders: Hellion Opening, Reaper Expand 

Get SALT Encoding   

  12  0:01  SCV  
  13  0:13  SCV  
  14  0:17  Supply Depot  
  14  0:25  SCV  
  15  0:38  SCV  
  15  0:39  Barracks  
  16  0:45  Refinery  
  16  0:50  SCV  
  17  1:02  SCV  
  18  1:14  SCV  
  19  1:27  Reaper, Orbital Command  
  20  1:38  Command Center  
  20  1:47  Supply Depot  
  20  1:53  SCV  
  21  1:59  Marine  
  22  2:05  SCV  
  23  2:10  Factory  
  23  2:17  SCV  
  24  2:22  Barracks Reactor  
  24  2:29  SCV  
  25  2:41  SCV, Command Center  
  26  2:51  Orbital Command  
  26  2:56  SCV  
  27  3:01  Starport  
  27  3:05  Hellion  
  29  3:09  Hellion  
  29  3:12  SCV  
  32  3:18  SCV  
  33  3:22  Barracks Tech Lab  
  33  3:24  SCV  
  33  3:25  Refinery  
  36  3:27  Hellion  
  36  3:30  Hellion  
  36  3:31  SCV  
  39  3:36  SCV  
  40  3:43  SCV  
  40  3:46  Medivac  
  43  3:49  SCV, Hellion  
  43  3:52  Hellion  
  43  3:54  Orbital Command  
  43  3:55  SCV  
  49  4:02  SCV  
  50  4:03  Barracks  
  50  4:07  Barracks  
  50  4:11  SCV  
  50  4:14  SCV  
  52  4:19  Marine  
  52  4:20  SCV, Stimpack  
  52  4:23  SCV  
  55  4:26  SCV  
  55  4:29  Factory Reactor  
  56  4:32  SCV  
  56  4:33  Supply Depot  
  56  4:34  Supply Depot  
  56  4:36  Marine, SCV  
  60  4:38  SCV  
  60  4:45  SCV  
  61  4:51  Engineering Bay x2  
  61  4:54  Marine, SCV  
  61  4:56  Refinery, Supply Depot  
  61  4:59  SCV  
  65  5:04  Marine  
  66  5:07  SCV  
  66  5:09  Starport Reactor  
  66  5:11  Refinery, Supply Depot  
  66  5:14  SCV  
  66  5:19  Terran Infantry Armor Level 1, Orbital Command, Factory Reactor, Terran Infantry Weapons Level 1  
  66  5:21  Marine, SCV  
  68  5:22  Marine x4  
  68  5:25  Supply Depot  
  68  5:28  SCV  
  74  5:33  Supply Depot  
  74  5:35  Supply Depot  
  74  5:38  SCV  
  74  5:39  Marine x3  
  74  5:40  Marine  
  74  5:41  Marine  
  74  5:42  SCV  
  81  5:45  SCV  
  82  5:50  SCV, Medivac x2  
  82  5:55  SCV  
  88  5:57  Marine x3  
  88  5:58  Armory  
  88  6:01  SCV, Barracks  
  88  6:02  SCV  
  93  6:07  SCV, Barracks  
  93  6:09  Marine  
  95  6:11  Marine  
  95  6:14  SCV x2  
  95  6:15  Combat Shield  
  98  6:20  Widow Mine x2  
  98  6:21  Marine  
  98  6:22  Marine  
  104  6:26  SCV x2  
  104  6:27  Marine, SCV  
  104  6:28  Marine  
  108  6:32  Supply Depot  
  108  6:35  Refinery, Factory  
  108  6:39  Marine  
  109  6:40  Marine  
  109  6:41  SCV  
  109  6:42  Marine, Widow Mine  
  109  6:45  Marine  
  109  6:46  Marine  
  113  6:48  Widow Mine  
  113  6:53  SCV, Supply Depot x3  
  117  6:54  SCV  
  117  6:56  Barracks Reactor  
  117  6:57  Barracks Reactor, SCV  
  118  7:03  Supply Depot, Widow Mine  
  118  7:04  Medivac x2  
  118  7:05  SCV  
  118  7:07  Marine  
  118  7:08  SCV  
  120  7:10  Marine  
  120  7:11  Marine x2  
  120  7:12  Widow Mine  
  120  7:15  SCV  
  114  7:16  Terran Infantry Weapons Level 2  
  114  7:20  Factory Tech Lab  
  114  7:21  Terran Infantry Armor Level 2  
  114  7:22  Marine  
  114  7:24  Marine  
  116  7:34  Command Center  
  116  7:37  Widow Mine  
  115  7:39  Drilling Claws  
  115  7:40  Widow Mine  
  115  7:43  Marine  
  118  7:46  Marine  
  118  7:48  Marine, Terran Vehicle And Ship Armor Level 1  
  118  7:49  Marine x4, Widow Mine  
  118  7:50  Medivac  
  118  7:51  Marine  
  129  7:53  Marine  
  112  7:59  Widow Mine  
  112  8:01  Marine  
  112  8:04  Marine  
  104  8:06  Marine x2, Widow Mine  
  104  8:07  SCV x2  
  104  8:09  Marine x2  
  104  8:10  Marine, SCV  
  104  8:11  Widow Mine  
  111  8:13  Marine x2  
  111  8:19  SCV x2  
  112  8:21  Marine x2  
  112  8:24  Marine x2  
  114  8:27  Marine  
  114  8:28  Marine  
  114  8:29  SCV  
  114  8:30  Supply Depot  
  114  8:33  Widow Mine  
  119  8:34  SCV  
  119  8:35  Marine  
  119  8:38  Widow Mine  
  119  8:39  Marine x2, SCV  
  119  8:40  Marine x2  
  128  8:42  Marine x2  
  128  8:45  Marine x2  
  132  8:49  Supply Depot, Widow Mine  
  132  8:50  Supply Depot  
  132  8:55  Marine, Widow Mine  
  136  8:58  SCV x2, Supply Depot  
  136  8:59  Sensor Tower  
  136  9:01  Marine  
  136  9:02  Marine, Supply Depot  
  141  9:04  Marine x2  
  141  9:05  Marine  
  141  9:07  Marine  
  141  9:11  Marine  
  141  9:12  Marine  
  141  9:15  Marine  
  141  9:16  SCV  
  130  9:18  SCV x2  
  130  9:19  Widow Mine  
  130  9:21  Marine  
  130  9:22  Widow Mine  
  137  9:24  Marine  
  137  9:29  Marine, Widow Mine  
  137  9:30  Marine x2  
  137  9:31  SCV  
  144  9:34  Marine x3  
  144  9:35  Marine, SCV  
  136  9:39  Marine  
  136  9:40  Widow Mine  
  136  9:41  SCV  
  136  9:43  Marine  
  141  9:47  Marine  
  141  9:48  Marine x2  
  141  9:52  Widow Mine  
  145  9:53  SCV  
  145  9:55  Marine x2  
  145  9:56  Marine  
  149  10:02  Barracks  
  149  10:05  Barracks  
  147  10:07  Barracks  
  147  10:11  SCV x2  
  147  10:13  SCV  
  147  10:14  Widow Mine  
  152  10:16  Medivac x2  
  152  10:20  Supply Depot  
  158  10:21  Widow Mine  
  158  10:23  Marine  
  158  10:24  SCV  
  158  10:25  Marine x3, Widow Mine  
  158  10:26  Marine  
  158  10:27  SCV  
  155  10:38  Planetary Fortress  
  155  10:39  Marine  
  155  10:40  SCV  
  155  10:42  Widow Mine  
  157  10:43  Marine x2  
  157  10:44  SCV  
  157  10:46  Marine, Widow Mine  
  157  10:47  Marine  
  163  10:52  Supply Depot  
  163  10:53  SCV, Barracks Tech Lab x2  
  163  10:55  Supply Depot  
  163  10:56  SCV  
  165  11:01  Supply Depot  
  165  11:03  SCV  
  165  11:04  Terran Infantry Weapons Level 3  
  166  11:07  Terran Infantry Armor Level 3  
  166  11:09  SCV  
  169  11:11  Widow Mine  
  169  11:13  Concussive Shells  
  169  11:16  Marauder  
  171  11:22  SCV  
  171  11:23  SCV x2, Command Center  
  171  11:24  SCV  
  171  11:34  SCV, Missile Turret  
  171  11:38  Marauder  
  169  11:44  Widow Mine  
  169  11:47  Marine  
  169  11:48  Marine, Marauder x2  
  169  11:54  Marine  
  161  11:55  Widow Mine  
  161  11:56  Widow Mine, Medivac x2  
  161  11:57  Terran Vehicle And Ship Armor Level 2  
  161  11:59  SCV x2, Marauder  
  161  12:00  SCV  
  174  12:02  Marine  
  174  12:03  Marine x2, Refinery  
  177  12:08  Ghost Academy  
  177  12:09  Marauder x2  
  177  12:12  Marine  
  177  12:13  Widow Mine  
  184  12:17  Marine  
  184  12:18  Siege Tank  
  184  12:19  Marine, SCV  
  184  12:20  Marauder  
  186  12:23  Marine  
  186  12:24  Supply Depot  
  186  12:30  Refinery, Marauder  
  186  12:31  Marauder  
  190  12:38  Sensor Tower  
  190  12:39  Command Center  
  190  12:42  Marauder  
  192  12:48  Barracks Tech Lab  
  192  12:50  Widow Mine  
  192  12:51  Ghost x2  
  186  12:56  Marine, Widow Mine, Siege Tank  
  192  13:01  SCV x2  
  192  13:08  Planetary Fortress  
  192  13:12  Widow Mine  
  180  13:15  Medivac x2  
  180  13:16  Ghost x2  
  180  13:17  Widow Mine  
  180  13:18  Marine x2  
  177  13:20  Marine  
  177  13:23  Marine x2  
  177  13:24  Marine x2  
  180  13:28  Widow Mine  
  180  13:33  Ghost  
  172  13:35  Ghost  
  172  13:41  SCV, Widow Mine  
  157  13:42  SCV  
  157  13:44  SCV  
  157  13:48  Ghost  
  146  13:53  Marine x2  
  141  13:56  SCV  
  141  13:57  Widow Mine  
  141  13:58  SCV  
  141  14:02  Ghost  
  143  14:05  SCV  
  143  14:07  Ghost  
  143  14:08  SCV  
  149  14:10  Marine x2, Widow Mine  
  149  14:12  Orbital Command  
  149  14:14  Marine x2  
  149  14:15  SCV  
  149  14:16  SCV  
  155  14:20  SCV  
  155  14:23  Missile Turret  
  156  14:28  Missile Turret  
  156  14:29  Marine  
  156  14:30  SCV  
  156  14:31  SCV  
  159  14:33  SCV  
  159  14:35  SCV  
  159  14:38  SCV x2  
  163  14:42  Ghost  
  164  14:48  Medivac  
  164  14:50  SCV x2  
  164  14:51  SCV  
  169  14:54  Ghost  
  171  15:06  Ghost x2  
  170  15:07  SCV  
  170  15:09  Widow Mine  
  170  15:10  Widow Mine, Ghost  
  179  15:17  Widow Mine  
  179  15:18  Marine x2  
  183  15:23  Ghost  
  183  15:25  Missile Turret  
  175  15:33  SCV  
  175  15:35  Ghost  
  155  15:36  Marauder  
  155  15:41  Barracks Tech Lab  
Tags
 
Add a new tag
Caveats
  • Supply blocks, unpowered buildings, or Contaminate may cause inaccurate times.
  • Supply counts are checked every 10 seconds.